 Dungeon Crawl Stone Soup version 0.30-a0-964-gd452b5e7fa (webtiles) character file.

Game seed: 14347878143134115216

54 vishdafish the Conjurer (level 3, -3/24 HPs)
             Began as a Demonspawn Conjurer on Mar 31, 2023.
             Slain by Crazy Yiuf
             ... wielding a +2 quarterstaff of chaos
              (12 damage)
             ... on level 2 of the Dungeon.
             The game lasted 00:01:28 (2347 turns).

vishdafish the Conjurer (Demonspawn Conjurer)       Turns: 2347, Time: 00:01:29

Health: -3/24      AC:  2    Str:  7    XL:     3   Next: 66%
Magic:  5/7        EV: 12    Int: 21    God:
Gold:   101        SH:  4    Dex: 11    Spells: 7/8 levels left

rFire   . . .      SeeInvis +    (no weapon)
rCold   . . .      Faith    .    (no shield)
rNeg    . . .      Spirit   .    a - +0 robe
rPois   .          Reflect  .    (helmet restricted)
rElec   .          Rampage  .    (no cloak)
rCorr   .                        (no gloves)
Will    .....                    (no boots)
Stlth   ++                       (no amulet)
HPRegen 0.24/turn                h - ring of see invisible
MPRegen 0.10/turn                (no ring)

@: no status effects
A: horns 1, large bone plates 1
a: no special abilities


You were on level 2 of the Dungeon.
You visited 1 branch of the dungeon, and saw 2 of its levels.

You collected 101 gold pieces.

Inventory:

Armour
 a - a +0 robe (worn)
Jewellery
 h - a ring of see invisible (left hand)
Scrolls
 c - 5 scrolls of teleportation {unknown}
 f - a scroll of amnesia {unknown}
 g - a scroll of enchant armour {unknown}
 k - 2 scrolls of identify {unknown}
Potions
 b - a potion of magic
 d - a potion of attraction {unknown}
 e - a potion of curing {unknown}
 i - a potion of flight {unknown}
 j - a potion of brilliance {unknown}
 l - a potion of degeneration {unknown}


   Skills:
 - Level 1.7 Dodging
 - Level 1.7 Stealth
 + Level 3.0 Spellcasting
 + Level 4.7 Conjurations


You had 7 spell levels left.
You knew the following spells:

 Your Spells              Type           Power      Damage    Failure   Level
a - Magic Dart            Conj           92%        1d7       1%          1

Your spell library contained the following spells:

 Spells                   Type           Power      Damage    Failure   Level
 Searing Ray              Conj           46%        2d6       2%          2
 Dazzling Flash           Conj/Hex       26%        N/A       16%         3
 Fulminant Prism          Conj/Hex       6%         3d7       45%         4
 Iskenderun's Mystic Bla  Conj/Tloc      13%        2d5       45%         4


Dungeon Overview and Level Annotations

Branches:
Dungeon (2/15)

Altars:

Annotations:
D:2 Crazy Yiuf


Innate Abilities, Weirdness & Mutations

You have a pair of small horns on your head.
You are partially covered in large bone plates. (SH +4)


Message History

You can't see any susceptible monsters within range! (Use Z to cast anyway.)
You can't see any susceptible monsters within range! (Use Z to cast anyway.)
You can't see any susceptible monsters within range! (Use Z to cast anyway.)
You can't see any susceptible monsters within range! (Use Z to cast anyway.)
You can't see any susceptible monsters within range! (Use Z to cast anyway.)
You can't see any susceptible monsters within range! (Use Z to cast anyway.)
You can't see any susceptible monsters within range! (Use Z to cast anyway.)
You can't see any susceptible monsters within range! (Use Z to cast anyway.)
You can't see any susceptible monsters within range! (Use Z to cast anyway.) Key pressed, stopping explore.
Found a stone staircase leading up.
You see here a ball python corpse.
k - a scroll labelled JENEOHO HULO
k - 2 scrolls labelled JENEOHO HULO (gained 1)
Found a hammer.
Found a runed translucent door.
Crazy Yiuf whimpers, "Line senile infinity!"
There is a stone staircase leading down here.
You see here a +0 leather armour.
Found a stone staircase leading up.
l - a fuming puce potion
c - 5 scrolls labelled RUNGURUNLO (gained 3)
There is a stone staircase leading up here.
You now have 101 gold pieces (gained 14).
Crazy Yiuf shouts!
As you open the door, it creaks loudly!
The magic dart hits Crazy Yiuf.
Crazy Yiuf is moderately wounded.
Crazy Yiuf hits you with a +2 quarterstaff of chaos!
Ouch! That really hurt!
You are too injured to fight recklessly!
You are too injured to fight recklessly!
You aren't carrying any items that you can evoke.
Aiming: Magic Dart (safe; 1% risk of failure)
Press: ? - help, Q - select action Shift-Dir - straight line, f/p - Crazy Yiuf
Aim: Crazy Yiuf, wielding a +2 quarterstaff of chaos and wearing a +0 cloak (moderately wounded, 100% to hit)
The magic dart hits Crazy Yiuf.
Crazy Yiuf is heavily wounded.
Crazy Yiuf hits you with a +2 quarterstaff of chaos!
Ouch! That really hurt!
You die...

#.# #.# #.# #.#
#.# #.# #.# ###
♣♣#### #.# #)..#♣♣
♣♣.#..## #.#
#...g@♣♣♣♣......#
#.####
#...#♣..♣.......#
##.##.# ###
♣♣♣.♣..#...#
####.....#
♣♣♣♣♣##.##
...>..##.# #.#
####.##..#########
#.#
#.##.....).)(.#
#.#
#..........####
###.####
####.......#
#......#


You could see Crazy Yiuf.

Vanquished Creatures
  An adder (D:2)
  A worm (D:2)
  5 bats (D:1)
  4 endoplasms
  2 giant cockroaches (D:1)
  7 goblins
  3 hobgoblins
  2 kobolds
  A quokka (D:2)
  4 ball pythons
  2 frilled lizards (D:1)
  9 rats
41 creatures vanquished.

Notes
Turn   | Place    | Note
-------+----------+-------------------------------------------
     0 | D:1      | vishdafish the Demonspawn Conjurer began the quest for the
                  | Orb.
     0 | D:1      | Reached XP level 1. HP: 13/13 MP: 3/3
   298 | D:1      | Gained mutation: You have a pair of small horns on your
                  | head. [demonic ancestry]
   298 | D:1      | Reached XP level 2. HP: 6/19 MP: 3/5
  1049 | D:1      | Gained mutation: You are partially covered in large bone
                  | plates. (SH +4) [demonic ancestry]
  1049 | D:1      | Reached XP level 3. HP: 21/24 MP: 0/7
  1793 | D:2      | Found a faded altar of an unknown god.
  1794 | D:2      | Noticed a great orb of eyes
  1805 | D:2      | Noticed a floating eye
  1811 | D:2      | Noticed a floating eye
  1876 | D:2      | Noticed a floating eye
  2026 | D:2      | Found a runed translucent door.
  2027 | D:2      | Noticed Crazy Yiuf
  2347 | D:2      | Slain by Crazy Yiuf

Illustrated notes

Levels and vault maps discovered:
D:1:      dpeg_arrival_three_bigger_balls, layout_basic, minmay_rat_gold_closets
D:2:      layout_loops_cross, hellmonk_ecumenical_altar_watching_god,
          uniq_crazy_yiuf_cottage

Skill      XL: |  1  2  3 |
---------------+----------+-----
Spellcasting   | 3 |  3.0
Dodging        | |  1.7
Stealth        | |  1.7
Conjurations   | |  4.7

Action                     || total
---------------------------++-------
  Melee: Unarmed           ||    39
         Headbutt          ||     1
   Cast: Magic Dart        ||    74
   Stab: Sleeping          ||     1
 Armour: Robe              ||     5
  Dodge: Dodged            ||    30

Table legend: (Time is in decaauts)
 A = Elapsed time spent in this place.
 B = Non-inter-level travel time spent in this place.
 C = Inter-level travel time spent in this place.
 D = Time resting spent in this place.
 E = Time spent auto-exploring this place.
 F = Levels seen in this place.
 G = Mean time per level.
                   A        B        C        D        E       F      G
               +--------+--------+--------+--------+--------+-----+--------+
         Total |   2346 |   2314 |     32 |      0 |   2125 |   2 | 1173.0 |
       Dungeon |   2346 |   2314 |     32 |      0 |   2125 |   2 | 1173.0 |
               +--------+--------+--------+--------+--------+-----+--------+

Top non-repeatable levels by time:
     D:1: 1484 daAuts
     D:2: 861 daAuts
